 Dungeon Crawl Stone Soup version 0.30-a0-779-g7971cf19c3 (webtiles) character file.

Game seed: 6008046004171306197

7 Adverbial the Chopper (level 2, -1/27 HPs)
             Began as a Hill Orc Monk on Feb 17, 2023.
             Slain by a gnoll
             ... wielding a +0 flail
              (5 damage)
             ... on level 2 of the Dungeon.
             The game lasted 00:01:59 (209 turns).

Adverbial the Chopper (Hill Orc Monk)                Turns: 209, Time: 00:01:59

Health: -1/27      AC:  3    Str: 13    XL:     2   Next: 0%
Magic:  2/2        EV: 12    Int: 10    God:
Gold:   51         SH:  0    Dex: 13    Spells: 1/1 levels left

rFire   . . .      SeeInvis .    a - +0 hand axe
rCold   . . .      Faith    .    (no shield)
rNeg    . . .      Spirit   .    d - +0 leather armour
rPois   .          Reflect  .    (no helmet)
rElec   .          Harm     .    (no cloak)
rCorr   .          Rampage  .    (no gloves)
Will    .....                    (no boots)
Stlth   ++                       (no amulet)
HPRegen 0.24/turn                (no ring)
MPRegen 0.08/turn                (no ring)

@: no status effects
A: no striking features
a: no special abilities


You were on level 2 of the Dungeon.
You visited 1 branch of the dungeon, and saw 2 of its levels.

You collected 51 gold pieces.

Inventory:

Hand Weapons
 a - a +0 hand axe (weapon)
Armour
 b - a +0 robe
 d - a +0 leather armour (worn)
Jewellery
 f - a ring of protection from cold
Scrolls
 e - a scroll of silence {unknown}
 g - a scroll of identify {unknown}
Potions
 c - a potion of ambrosia


   Skills:
 + Level 3.8 Fighting
 + Level 4.1 Axes
 + Level 2.5 Dodging
 + Level 1.7 Stealth


You had one spell level left.
You didn't know any spells.
Your spell library was empty.

Dungeon Overview and Level Annotations

Branches:
Dungeon (1/15)

Altars:


Message History

Found a yellow potion.
The gnoll shouts! x2; You hear a shout!
A gnoll, a goblin and a kobold come into view.
The goblin shouts!
The gnoll shouts!
You hear a shout!
The gnoll throws a throwing net.
The throwing net hits you.
You become entangled in the net!
The kobold shouts!
You see here a throwing net.
You tear a large gash into the net.
You hear an angry hiss.
You struggle against the net.
The kobold throws a stone.
The stone hits you.
A hobgoblin comes into view.
An adder comes into view.
You rip the net and break free!
The gnoll hits you from afar with a +0 halberd.
The goblin misses you. The kobold attacks as you move away!
The kobold hits you with a +0 whip. The gnoll barely misses you.
You barely miss the kobold. You barely miss the gnoll.
The kobold hits you but does no damage. The gnoll barely misses you.
The gnoll hits you from afar with a +0 spear!
You hit the kobold but do no damage. You hit the gnoll. The gnoll misses you.
The kobold hits you with a +0 whip.
The gnoll hits you from afar with a +0 spear.
* * * LOW HITPOINT WARNING * * *
You hit the gnoll.
The gnoll is heavily wounded.
You closely miss the kobold. The kobold hits you with a +0 whip.
* * * LOW HITPOINT WARNING * * *
The gnoll closely misses you. x2
You barely miss the gnoll.
The gnoll is heavily wounded.
You barely miss the kobold. The kobold barely misses you.
The gnoll barely misses you. x2; The kobold barely misses you.
The gnoll hits you but does no damage.
You hit the gnoll.
The gnoll is lightly wounded.
You hit the kobold. The kobold hits you with a +0 whip.
* * * LOW HITPOINT WARNING * * *
The gnoll hits you with a +0 flail.
You die...

... #.# ... #.# .... #..
..... #.# #.....##.# ..
#........###..S.
#......ggg.g.# #.....
#K# #..... #@# #..!g^
#g# ###
#.....##g#####.##
#####.#.##.....#########
#.......................
#####...............####
#.#........####.#
#.#######..# #.# #.#
####.### #.#


You could see 3 gnolls, a hobgoblin, a goblin and a kobold.

Vanquished Creatures
  4 bats (D:2)
  2 ball pythons
6 creatures vanquished.

Notes
Turn   | Place    | Note
-------+----------+-------------------------------------------
     0 | D:1      | Adverbial the Hill Orc Monk began the quest for the Orb.
     0 | D:1      | Reached XP level 1. HP: 19/19 MP: 1/1
    96 | D:1      | You fall into a shaft and drop 1 floor!
   150 | D:2      | Reached XP level 2. HP: 26/27 MP: 2/2
   209 | D:2      | Slain by a gnoll

Illustrated notes

Levels and vault maps discovered:
D:1:      sevenhm_arrival_forest_fort_small_3, layout_loops_ring,
          grunt_decor_mini_mirrors, minmay_fountain_box,
          minmay_worlds_worst_comb
D:2:      layout_basic

Action                     || total
---------------------------++-------
  Melee: Hand axe          ||    24
 Armour: Leather armour    ||    29
  Dodge: Dodged            ||    41

Table legend: (Time is in decaauts)
 A = Elapsed time spent in this place.
 B = Non-inter-level travel time spent in this place.
 C = Inter-level travel time spent in this place.
 D = Time resting spent in this place.
 E = Time spent auto-exploring this place.
 F = Levels seen in this place.
 G = Mean time per level.
                   A        B        C        D        E       F      G
               +--------+--------+--------+--------+--------+-----+--------+
         Total |    211 |    211 |      0 |      0 |      0 |   2 |  105.5 |
       Dungeon |    211 |    211 |      0 |      0 |      0 |   2 |  105.5 |
               +--------+--------+--------+--------+--------+-----+--------+

Top non-repeatable levels by time:
     D:2: 114 daAuts
     D:1: 96 daAuts
